 Dungeon Crawl Stone Soup version 0.28.0-53-g5a82cb258f (webtiles) character file.

Game seed: 7025032229076701019

62 DildoBatman the Conjurer (level 4, -1/32 HPs)
             Began as a Formicid Conjurer on Aug 9, 2022.
             Slain by Sigmund
             ... wielding a +0 scythe
              (10 damage)
             ... on level 2 of the Dungeon.
             The game lasted 00:03:50 (1305 turns).

DildoBatman the Conjurer (Formicid Conjurer)        Turns: 1305, Time: 00:03:51

Health: -1/32      AC:  2    Str: 12    XL:     4   Next: 28%
Magic:  7/8        EV: 12    Int: 17    God:
Gold:   38         SH:  0    Dex: 11    Spells: 5/8 levels left

rFire   + . .      SeeInvis +   a - +0 hunting sling
rCold   . . .      Faith    .   (no shield)
rNeg    + . .      Spirit   .   f - +0 robe
rPois   .          Reflect  .   (helmet unavailable)
rElec   .          Harm     .   (no cloak)
rCorr   .          Rampage  .   (no gloves)
Will    .....                   (no boots)
Stlth   ++........              (no amulet)
HPRegen 0.10/turn               d - ring of protection from fire
MPRegen 0.11/turn               o - ring of positive energy

@: no status effects
A: permanent stasis, dig shafts and tunnels, antennae 3, four strong arms
a: Dig, Shaft Self


You were on level 2 of the Dungeon.
You visited 1 branch of the dungeon, and saw 2 of its levels.

You collected 38 gold pieces.

Inventory:

Hand Weapons
 a - a +0 hunting sling (weapon)
 b - a +0 dagger of venom
 h - a +0 club
 m - a +0 short sword
 q - a +0 mace
Missiles
 e - 36 stones (quivered ammo)
 j - 31 arrows
Armour
 f - a +0 robe (worn)
Jewellery
 d - a ring of protection from fire (left hand)
 o - a ring of positive energy (right hand)
Scrolls
 c - a scroll of acquirement {unknown}
 i - a scroll of blinking {unknown}
 n - a scroll of identify {unknown}
 p - a scroll of fear {unknown}
Potions
 g - a potion of haste {unknown}
 k - 2 potions of flight {unknown}
 l - 2 potions of curing {unknown}


   Skills:
 * Level 1.6 Fighting
 * Level 1.7 Armour
 - Level 2.0 Dodging
 - Level 2.4 Stealth
 * Level 2.8 Spellcasting
 * Level 4.0 Conjurations


You had 5 spell levels left.
You knew the following spells:

 Your Spells              Type           Power      Damage    Failure   Level
a - Searing Ray           Conj           32%        2d5       5%          2
c - Magic Dart            Conj           64%        1d6       3%          1

Your spell library contained the following spells:

 Spells                   Type           Power      Damage    Failure   Level
 Dazzling Flash           Conj/Hex       18%        N/A       24%         3
 Fulminant Prism          Conj/Hex       4%         3d6       61%         4
 Iskenderun's Mystic Bla  Conj/Tloc      9%         2d4       61%         4


Dungeon Overview and Level Annotations

Branches:
Dungeon (2/15)

Altars:

Shops:
D:1 (=

Annotations:
D:2 Sigmund


Innate Abilities, Weirdness & Mutations

You cannot be hasted, slowed, berserked, paralysed or teleported.
You can dig through walls and to a lower floor.
You have a pair of large antennae on your head. (SInv)
Your four strong arms can wield two-handed weapons with a shield.


Message History

What are your orders? t - Shout!
Orders for allies: a - Attack new target. r - Retreat! s - Stop attacking. g - Guard the area. f - Follow me.
Anything else - Cancel.
You shout for attention!
What are your orders? t - Shout!
Orders for allies: a - Attack new target. r - Retreat! s - Stop attacking. g - Guard the area. f - Follow me.
Anything else - Cancel.
You shout for attention!
Sigmund hits you from afar with a +0 scythe!
Sigmund hits you but does no damage. What are your orders? t - Shout!
Orders for allies: a - Attack new target. r - Retreat! s - Stop attacking. g - Guard the area. f - Follow me.
Anything else - Cancel.
You shout for attention!
What are your orders? t - Shout!
Orders for allies: a - Attack new target. r - Retreat! s - Stop attacking. g - Guard the area. f - Follow me.
Anything else - Cancel.
You shout for attention!
Sigmund barely misses you. What are your orders? t - Shout!
Orders for allies: a - Attack new target. r - Retreat! s - Stop attacking. g - Guard the area. f - Follow me.
Anything else - Cancel.
You shout for attention!
Sigmund hits you from afar with a +0 scythe!
You die...

#########'#####.##
#.......(.......#
#............####
#............#####
#..^.........##...
#............##...
######............##...
#..<##............##...
#.####@...(.......#####
#.................#
#####@#############
#...........#
#.......###.# #.......#
#.# #.......# #.#
#.......# #.......#
#.......# ##.......


You could see Sigmund.

Vanquished Creatures
  3 gnolls (D:2)
  A worm (D:2)
  A bat (D:1)
  4 endoplasms
  A giant cockroach (D:2)
  3 goblins (D:1)
  3 hobgoblins
  2 jackals (D:1)
  A kobold (D:1)
  2 quokkas (D:1)
  A ball python (D:1)
  5 frilled lizards (D:1)
  3 rats (D:1)
30 creatures vanquished.

Notes
Turn   | Place    | Note
-------+----------+-------------------------------------------
     0 | D:1      | DildoBatman the Formicid Conjurer began the quest for the
                  | Orb.
     0 | D:1      | Reached XP level 1. HP: 13/13 MP: 3/3
    51 | D:1      | Found Sead's Antique Weapon Shop.
   157 | D:1      | Found Qaichoud's Jewellery Boutique.
   177 | D:1      | Reached XP level 2. HP: 16/20 MP: 1/5
   180 | D:1      | Learned a level 2 spell: Searing Ray
   476 | D:1      | Found a faded altar of an unknown god.
   485 | D:1      | Reached skill level 1 in Fighting
   489 | D:1      | Reached skill level 1 in Armour
   489 | D:1      | Reached XP level 3. HP: 25/26 MP: 1/6
   897 | D:2      | Noticed Sigmund
  1247 | D:2      | Reached XP level 4. HP: 25/32 MP: 2/8
  1250 | D:2      | Reached skill level 4 in Conjurations
  1305 | D:2      | Slain by Sigmund

Illustrated notes

Levels and vault maps discovered:
D:1:      tarquinn_simple_flora_water_d, layout_basic, serial_shops,
          nicolae_shop_crystal, nicolae_shop_behind_doors,
          basic_ecumenical_altar
D:2:      layout_basic, basic_altar, uniq_sigmund

Skill      XL: |  1  2  3  4 |
---------------+-------------+-----
Dodging        | 2 |  2.0
Fighting       | 1 |  1.6
Armour         | 1 |  1.7
Conjurations   | 4 |  4.0
Stealth        | |  2.4
Spellcasting   | |  2.8

Action                   |  1- 3 |  4- 6 || total
-------------------------+-------+-------++-------
Melee: Club              |     8 |       ||     8
       Short sword       |    10 |       ||    10
 Fire: Hunting sling     |    19 |     1 ||    20
 Cast: Magic Dart        |    21 |       ||    21
       Searing Ray       |     6 |       ||     6
Armor: Robe              |    10 |     1 ||    11
Dodge: Dodged            |    36 |     1 ||    37
